 Dungeon Crawl Stone Soup version 0.29.0-4-gdea44cf6ec (webtiles) character file.

Game seed: 4520049044151979968

2 qw the Sneak (level 1, -2/14 HPs)
             Began as a Gargoyle Delver on Sept 10, 2022.
             Slain by Natasha (6 damage)
             ... on level 4 of the Dungeon.
             The game lasted 00:00:02 (92 turns).

qw the Sneak (Gargoyle Delver)                        Turns: 92, Time: 00:00:03

Health: -2/14      AC:  5    Str: 15    XL:     1   Next: 30%
Magic:  1/1        EV: 11    Int: 10    God:
Gold:   21         SH:  0    Dex: 11    Spells: 0/0 levels left

rFire   . . .      SeeInvis .   Y - +0 hand axe
rCold   . . .      Faith    .   (no shield)
rNeg    + . .      Spirit   .   b - +0 leather armour
rPois   inf        Reflect  .   (no helmet)
rElec   +          Harm     .   (no cloak)
rCorr   .          Rampage  .   (no gloves)
Will    .....                   (no boots)
Stlth   +++.......              (no amulet)
HPRegen 0.04/turn               (no ring)
MPRegen 0.07/turn               (no ring)

@: no status effects
A: sickness immunity, AC +2, negative energy resistance 1, electricity
resistance, torment resistance 1, petrification resistance
a: no special abilities


You were on level 4 of the Dungeon.
You visited 1 branch of the dungeon, and saw 2 of its levels.

You collected 21 gold pieces.


Innate Abilities, Weirdness & Mutations

You are immune to sickness and miasma.
Your stone body is resilient. (AC +2)
You are immune to poison.
You resist negative energy. (rN+)
You are resistant to electric shocks. (rElec)
You are resistant to unholy torment.
You are immune to petrification.


   Skills:
 - Level 3.2 Fighting
 + Level 2.0 Axes
 - Level 1.5 Dodging
 - Level 5.4 Stealth


You couldn't memorise any spells.
You didn't know any spells.
Your spell library was empty.

Inventory:

Hand Weapons
 Y - a +0 hand axe (weapon)
Armour
 b - a +0 leather armour (worn)
Wands
 g - a wand of digging (3)
Potions
 a - a potion of ambrosia {unknown}
 f - a potion of haste

Dungeon Overview and Level Annotations

Branches:
Dungeon (5/15)
 Temple: D:4-7

Altars:

Annotations:
D:4 Natasha


Message History

Natasha misses you.
The shadow imp hits you but does no damage.
You hit Natasha but do no damage.
Natasha is lightly wounded.
You hit the shadow imp. x2
Natasha howls an incantation.
You feel disoriented. Natasha barely misses you. The shadow imp misses you.
The shadow imp barely misses you.
You hit the shadow imp but do no damage.
The shadow imp is moderately wounded.
You closely miss the shadow imp. You closely miss Natasha. Natasha misses you.
The shadow imp barely misses you. The shadow imp hits you.
Natasha closely misses you.
You hit the shadow imp.
The shadow imp is severely wounded.
You hit the shadow imp but do no damage.
You barely miss Natasha. The shadow imp barely misses you.
The shadow imp shouts, "Run away, thou fobbing clay-brained apple-john!"
The shadow imp hits you. Natasha completely misses you.
The shadow imp misses you.
You hit the shadow imp.
You kill the shadow imp!
The shadow imp disappears in a puff of smoke!
You hit the shadow imp. You hit Natasha. Natasha misses you.
The shadow imp picks up a beetle and eats it.
The shadow imp barely misses you.
You hit the shadow imp.
The shadow imp is almost dead.
You miss Natasha.
Natasha casts a spell.
The shadow imp gestures at you.
You are unaffected.
You hit the shadow imp.
You kill the shadow imp!
The shadow imp disappears in a puff of smoke!
You hit Natasha but do no damage. Natasha claws you.
You die...

# ## ####
########### .#
#..###.........#
.###
#..........$....
...##
#.......@ยค......
#...##
##.####...h.#####
##...###..#
#.5.###
##...##.## #####
##.#.....#
...##....#
....##..##
....###.# ....#
#.#


You could see Natasha and a crimson imp (summoned).

Vanquished Creatures
  An orc (D:4)
1 creature vanquished.

Notes
Turn   | Place    | Note
-------+----------+-------------------------------------------
     0 | D:5      | qw the Gargoyle Delver began the quest for the Orb.
     0 | D:5      | Reached XP level 1. HP: 14/14 MP: 1/1
     0 | D:5      | 0 ||| qw: Version: 0.1-a-116-g5d60599
     0 | D:5      | 0 ||| qw: Game counter: 9370
     0 | D:5      | 0 ||| qw: Always use a shield: true
     0 | D:5      | 0 ||| qw: God list: Okawaru
     0 | D:5      | 0 ||| qw: Allow faded altars: false
     0 | D:5      | 0 ||| qw: Do Orc after D:15 true
     0 | D:5      | 0 ||| qw: Do second Lair branch before Depths: true
     0 | D:5      | 0 ||| qw: Lair rune preference: random
     0 | D:5      | 0 ||| qw: Plans: Normal
     0 | D:5      | 0 ||| PLANNING D:1-11
    15 | D:5      | 15 ||| READING scroll labelled HUNLUL HAVYCYT.
    16 | D:5      | 16 ||| DROPPING scroll of fog.
    17 | D:5      | 17 ||| DROPPING scroll of magic mapping.
    18 | D:5      | 18 ||| DROPPING scroll of fear.
    77 | D:4      | Noticed Natasha
    92 | D:4      | Noticed a crimson imp
    92 | D:4      | Slain by Natasha

Levels and vault maps discovered:
D:4:      dreamdust_elfheim, layout_cave_pods, nicolae_ashenzari_panopticon,
          mainiacjoe_overflow_chevrons, mainiacjoe_overflow_surrounded_room,
          uniq_blork_the_orc, uniq_ijyb, uniq_natasha
D:5:      corexii_shack_village, layout_gridville, lemuel_tele_altar,
          kiku_gazebo_pond_becter, gammafunk_ghost_arena, minmay_circle_x,
          uniq_pikel, uniq_edmund

Skill      XL: |  1 |
---------------+----+-----
Axes           | 2 |  2.0
Fighting       | |  3.2
Dodging        | |  1.5
Stealth        | |  5.4

Action                   || total
-------------------------++-------
Melee: Hand axe          ||    13
  Use: Scroll            ||     1
Armor: Leather armour    ||     2
Dodge: Dodged            ||    16

Table legend:
 A = Non-vault XP
 B = Vault XP
 C = Vault XP percentage of total XP
 D = Non-vault monster count
 E = Vault monster count
 F = Vault count percentage of total count
                 A         B        C        D         E       F
            +---------+---------+-------+---------+---------+-------
      Total |       3 |       0 |   0.0 |       1 |       0 |   0.0
            +---------+---------+-------+---------+---------+-------
        D:4 |       3 |       0 |   0.0 |       1 |       0 |   0.0
            +---------+---------+-------+---------+---------+-------
